 Dungeon Crawl Stone Soup version 0.24-a0-580-g6a6c3f83c1 (webtiles) character file.

Game seed: 4477012476094793466

2689 Aggronaut the Covert (level 9, -13/39 HPs)
             Began as a Spriggan Enchanter on Aug 16, 2019.
             Was a Believer of Dithmenos.
             Killed from afar by Harold (20 damage)
             ... with a harpoon shot
             ... on level 8 of the Dungeon on Aug 21, 2019.
             The game lasted 00:28:34 (8184 turns).

Aggronaut the Covert (Spriggan Enchanter)           Turns: 8184, Time: 00:28:34

Health: -13/39     AC:  4    Str:  6    XL:     9   Next: 38%
Magic:  7/15       EV:  9    Int: 17    God:    Dithmenos [**....]
Gold:   431        SH:  0    Dex: 17    Spells: 1/15 levels left

rFire    . . .     SeeInvis +   r - +3 dagger
rCold    . . .     Gourm    .   (shield restricted)
rNeg     . . .     Faith    +   c - +0 robe (curse)
rPois    +         Spirit   .   (helmet restricted)
rElec    .         Reflect  .   k - +1 cloak
rCorr    .         Harm     .   (gloves unavailable)
MR       +....                  (boots unavailable)
Stlth    ++++++....             b - amulet of faith
HPRegen  0.13/turn              x - ring of poison resistance
MPRegen  0.14/turn              (no ring)

@: marked, held, wreathed by umbra, very quick
A: very small, unfitting armour, see invisible, herbivore, speed 3, slow
metabolism 2
a: Shadow Step, Renounce Religion


You were on level 8 of the Dungeon.
You worshipped Dithmenos.
Dithmenos was pleased with you.
You were not hungry.

You visited 2 branches of the dungeon, and saw 10 of its levels.
You also visited: Sewer.

You collected 431 gold pieces.

Inventory:

Hand Weapons
 r - a +3 dagger (weapon)
Missiles
 B - 2 throwing nets (quivered)
Armour
 c - a cursed +0 robe (worn)
 k - a +1 cloak (worn)
Jewellery
 b - an amulet of faith (around neck)
 q - an uncursed amulet of regeneration
 w - an uncursed amulet of magic regeneration {unknown}
 x - a ring of poison resistance (left hand)
Wands
 p - a wand of clouds (4)
 s - a wand of disintegration (22)
 y - a wand of random effects (8)
 z - a wand of enslavement (6)
Scrolls
 f - 3 scrolls of remove curse
 h - 7 scrolls of teleportation
 t - a scroll of amnesia {unknown}
 u - a scroll of enchant weapon {unknown}
 v - a scroll of fog
 A - a scroll of summoning {unknown}
Potions
 a - 3 potions of heal wounds {unknown}
 e - a potion of curing
 g - a potion of resistance {unknown}
 i - a potion of mutation {unknown}
 j - a potion of flight
 l - a potion of agility {unknown}
 m - 4 potions of might
 n - 2 potions of berserk rage
 o - 4 potions of brilliance
Comestibles
 d - 10 rations


   Skills:
 * Level 9.2 Short Blades
 - Level 3.2 Dodging
 + Level 11.8 Stealth
 + Level 3.6 Spellcasting
 - Level 8.2 Hexes


You had one spell level left.
You knew the following spells:

 Your Spells              Type           Power        Failure   Level  Hunger
a - Corona                Hex            ####...      1%          1    None
b - Confuse               Hex            ####....     1%          3    ###....
c - Ensorcelled Hibernat  Hex/Ice        ###...       4%          2    ##.....
d - Mephitic Cloud        Conj/Pois/Air  #.......     43%         3    ###....
e - Dazzling Spray        Conj/Hex       ###...       9%          3    ###....
f - Blink                 Tloc           N/A          24%         2    ##.....

Your spell library contained the following spells:

 Spells                   Type           Power        Failure   Level  Hunger
 Magic Dart               Conj           #...         16%         1    None
 Slow                     Hex            ####....     1%          2    ##.....
 Tukima's Dance           Hex            ####....     1%          3    ###....
 Call Imp                 Summ           #.......     24%         2    ##.....
 Conjure Flame            Conj/Fire      #.......     43%         3    ###....


Dungeon Overview and Level Annotations

Branches:
Dungeon (9/15)             Temple (1/1) D:4           Sewer (visited)
   Lair: D:8-11         Orc: D:9-12

Altars:
Ashenzari
Cheibriados
Dithmenos
Elyvilon
Fedhas
Gozag
Hepliaklqana
Kikubaaqudgha
Makhleb
Nemelex Xobeh
Okawaru
Qazlal
Ru
Sif Muna
Trog
Uskayaw
Vehumet
Wu Jian
Xom
Yredelemnul
Zin
The Shining One

Annotations:
D:8 Grum, Harold


Innate Abilities, Weirdness & Mutations

You are very small and have problems with some larger weapons.
You are too small for most types of armour.
You have supernaturally acute eyesight. (SInv)
You are a herbivore.
You cover ground extremely quickly.
You need to consume almost no food.


Message History

You shred the net and break free!
An orc wizard comes into view. It is wielding a +0 dagger.
Harold hits you with a cursed -2 battleaxe.
* * * LOW HITPOINT WARNING * * *
Harold casts a spell at you.
You barely resist.
You see here a throwing net.
B - a throwing net Harold throws a throwing net.
The throwing net barely misses you.
You see here a throwing net.
B - 2 throwing nets (gained 1) Harold throws a throwing net.
The throwing net hits you.
You become entangled in the net!
You struggle against the net.
You struggle against the net.
You struggle against the net.
Harold points at you and mumbles some strange words.
The harpoon shot hits you!!
Ouch! That really hurt!
You die...

# # ##### # #...#
#########...## #
......)......#############....
.a#######...5.(.@..@olo).o....
....#####...############s.....
##.....###### o....
###....h..## ### ..o.
########...#### ... ... ..###
##.5...#####.# .. #...#
####.....ยง..# . ###.##
#........# #..# ###.##..%..#


You could see Harold, an iguana, a crimson imp and 2 orcs.

Vanquished Creatures
  Prince Ribbit (D:5)
  Sigmund (D:2)
  Eustachio (D:6)
  Duvessa (D:6)
  A black bear (D:6)
  An ice beast (D:6)
  An ogre (D:4)
  A phantom (D:6)
  2 wolves (D:8)
  2 centaurs
  Blork the orc (D:6)
  2 bullfrogs
  A wyvern zombie (D:5)
  2 scorpions
  Dowan (D:6)
  A centaur zombie (D:5)
  2 crimson imps
  A bullfrog zombie (D:6)
  A centaur skeleton (D:4)
  Crazy Yiuf (D:2)
  A bullfrog skeleton (D:5)
  A gnoll shaman (D:6)
  4 orc priests
  A hound (D:8)
  An iron imp (D:6)
  7 orc wizards
  3 worker ants
  Ijyb (D:4)
  A killer bee zombie (D:9)
  A hound zombie (D:6)
  A hound skeleton (D:6)
  8 adders
  3 gnolls (D:6)
  A shadow imp (D:5)
  5 oozes
  8 worms
  2 dart slugs (D:3)
  8 leopard geckos
  29 orcs
  2 ball pythons
  4 giant cockroaches
  5 goblins
  6 hobgoblins
  4 jackals (Sewer)
  7 kobolds
  3 quokkas
  9 bats
  6 frilled lizards
  A quokka zombie (D:5)
  4 rats
162 creatures vanquished.

Notes
Turn   | Place    | Note
-------+----------+-------------------------------------------
     0 | D:1      | Aggronaut the Spriggan Enchanter began the quest for the
                  | Orb.
     0 | D:1      | Reached XP level 1. HP: 9/9 MP: 5/5
   363 | D:1      | Reached XP level 2. HP: 13/13 MP: 7/7
  1139 | D:2      | Reached XP level 3. HP: 4/16 MP: 8/8
  1287 | D:2      | Upgraded the game from 0.24-a0-537-g2d01d4ab0a to
                  | 0.24-a0-580-g6a6c3f83c1
  1327 | D:2      | Noticed Sigmund
  1334 | D:2      | Reached skill level 5 in Stealth
  1351 | D:2      | Learned a level 3 spell: Confuse
  1696 | D:2      | Learned a level 2 spell: Ensorcelled Hibernation
  1710 | D:2      | Killed Sigmund
  1710 | D:2      | Reached skill level 6 in Stealth
  1710 | D:2      | Reached XP level 4. HP: 21/21 MP: 4/9
  1710 | D:2      | Reached XP level 5. HP: 24/24 MP: 4/10
  2027 | D:2      | Learned a level 3 spell: Mephitic Cloud
  2336 | D:2      | Found a runed translucent door.
  2337 | D:2      | Noticed Crazy Yiuf
  2367 | D:2      | Killed Crazy Yiuf
  2487 | D:3      | Reached XP level 6. HP: 12/28 MP: 5/11
  2610 | D:3      | HP: 1/28 [orc/+0 hand axe (5)]
  2914 | D:3      | Found a glowing drain.
  2923 | Sewer    | Entered a sewer
  2930 | Sewer    | Reached skill level 7 in Stealth
  4330 | D:4      | Found a staircase to the Ecumenical Temple.
  5027 | D:4      | Noticed Ijyb
  5034 | D:4      | Killed Ijyb
  5113 | D:4      | Reached skill level 8 in Stealth
  5113 | D:4      | Reached XP level 7. HP: 32/32 MP: 9/12
  5708 | D:5      | Entered Level 5 of the Dungeon
  5780 | Temple   | Entered the Ecumenical Temple
  5852 | Temple   | Became a worshipper of Dithmenos the Shadowed
  6212 | D:5      | Reached skill level 9 in Stealth
  6436 | D:5      | Reached XP level 8. HP: 36/36 MP: 10/13
  6499 | D:5      | Noticed Prince Ribbit
  6506 | D:5      | Killed Prince Ribbit
  6506 | D:5      | Reached skill level 5 in Short Blades
  6508 | D:5      | Reached * piety under Dithmenos
  6779 | D:6      | Found a snail-covered altar of Cheibriados.
  6783 | D:6      | Reached skill level 10 in Stealth
  6786 | D:6      | Noticed Eustachio
  6811 | D:6      | Killed Eustachio
  7075 | D:6      | Reached skill level 11 in Stealth
  7197 | D:6      | Reached XP level 9. HP: 39/39 MP: 14/14
  7290 | D:6      | Noticed Blork the orc
  7320 | D:6      | Killed Blork the orc
  7333 | D:6      | Noticed Duvessa
  7616 | D:6      | Noticed Dowan
  7621 | D:6      | Killed Dowan
  7732 | D:6      | Killed Duvessa
  7762 | D:6      | Reached ** piety under Dithmenos
  7891 | D:7      | Learned a level 3 spell: Dazzling Spray
  7894 | D:7      | Learned a level 2 spell: Blink
  7924 | D:7      | You fall into a shaft and drop 2 floors!
  8074 | D:8      | Noticed Grum
  8130 | D:8      | Noticed Harold
  8184 | D:8      | Killed from afar by Harold

Levels and vault maps discovered:
D:1:      grunt_arrival_lava_bath, layout_rooms
D:2:      layout_basic, uniq_crazy_yiuf_cottage, uniq_sigmund
D:3:      layout_basic, portal_sewer_entry_d
D:4:      layout_basic, temple_doors_cd, first_ration, uniq_ijyb
D:5:      layout_rooms, uniq_prince_ribbit1
D:6:      layout_loops_ring, slow_altar_1, uniq_eustachio, uniq_duvessa,
          uniq_blork_the_orc
D:7:      layout_loops_ring, gammafunk_ghost_gnarly_gnolls,
          yredelemnul_altar_generic
D:8:      layout_rooms, uniq_pikel, uniq_harold, uniq_grum
D:9:      layout_long_grid
Temple:   dpeg_three_leaves_temple

Skill      XL: |  1  2  3  4  5  6  7  8  9 |
---------------+----------------------------+-----
Spellcasting   | 3 |  3.6
Hexes          | 4 6 8 |  8.2
Stealth        | 6 8 9 11 | 11.8
Short Blades   | 4 8 9 |  9.2
Dodging        | |  3.2

Action                   |  1- 3 |  4- 6 |  7- 9 || total
-------------------------+-------+-------+-------++-------
Melee: Dagger            |   136 |   305 |   258 ||   699
 Cast: Corona            |     5 |       |       ||     5
       Confuse           |     3 |       |    16 ||    19
       Ensorcelled Hiber |     1 |    48 |    40 ||    89
  Use: Potion            |     1 |     4 |       ||     5
       Scroll            |       |     9 |     4 ||    13
 Stab: Sleeping          |     6 |    43 |    39 ||    88
       Confused          |     2 |       |    12 ||    14
       Distracted        |       |     2 |     3 ||     5
  Eat: Ration            |       |     2 |     4 ||     6
Armor: Robe              |     6 |    30 |    13 ||    49
Dodge: Dodged            |   103 |   309 |   152 ||   564

Table legend:
 A = Non-vault XP
 B = Vault XP
 C = Vault XP percentage of total XP
 D = Non-vault monster count
 E = Vault monster count
 F = Vault count percentage of total count
                 A         B        C        D         E       F
            +---------+---------+-------+---------+---------+-------
      Total |    2389 |    1453 |  37.8 |     126 |      36 |  22.2
            +---------+---------+-------+---------+---------+-------
        D:1 |      24 |       0 |   0.0 |      14 |       0 |   0.0
        D:2 |      67 |     253 |  79.1 |      18 |       2 |  10.0
        D:3 |      96 |      14 |  12.7 |      22 |       1 |   4.3
        D:4 |     415 |      35 |   7.8 |      15 |       1 |   6.2
        D:5 |     583 |     277 |  32.2 |      26 |       1 |   3.7
        D:6 |    1011 |     556 |  35.5 |      26 |       5 |  16.1
        D:7 |      88 |       0 |   0.0 |       1 |       0 |   0.0
        D:8 |      76 |     234 |  75.5 |       3 |       2 |  40.0
        D:9 |      29 |       0 |   0.0 |       1 |       0 |   0.0
      Sewer |       0 |      84 | 100.0 |       0 |      24 | 100.0
            +---------+---------+-------+---------+---------+-------
